 Dungeon Crawl Stone Soup version 0.27.1-34-g3ba077fa99 (console) character file.

Game seed: 15494919252489886875

574 Banquo the Chopper (level 7, -4/48 HPs)
             Began as a Formicid Fighter on Feb 4, 2022.
             Was a Believer of Hepliaklqana.
             Engulfed by a steam dragon's steam (7 damage)
             ... on level 6 of the Dungeon.
             The game lasted 00:12:41 (3349 turns).

Banquo the Chopper (Formicid Fighter)               Turns: 3349, Time: 00:12:41

Health: -4/48      AC:  9    Str: 21 (22) XL:     7   Next: 61%
Magic:  7/7        EV:  6    Int:  8      God:    Hepliaklqana [**....]
Gold:   131        SH: 10    Dex: 10      Spells: 6/6 levels left

rFire    . . .     SeeInvis +   a - +0 war axe
rCold    . . .     Faith    .   i - +0 kite shield
rNeg     . . .     Spirit   .   o - +0 chain mail
rPois    .         Reflect  .   (helmet unavailable)
rElec    .         Harm     .   e - scarf {repulsion}
rCorr    .         Rampage  .   (no gloves)
Will     .....                  (no boots)
Stlth    ..........             (no amulet)
HPRegen  0.16/turn              (no ring)
MPRegen  0.10/turn              (no ring)

@: repel missiles
A: reduced essence, permanent stasis, dig shafts and tunnels, antennae 3, four
strong arms
a: Dig, Shaft Self, Renounce Religion, Recall Ancestor, Ancestor Identity


You were on level 6 of the Dungeon.
You worshipped Hepliaklqana.
Hepliaklqana was pleased with you.
You visited 1 branch of the dungeon, and saw 6 of its levels.

You collected 131 gold pieces.

Inventory:

Hand Weapons
 a - a +0 war axe (weapon)
 k - a +0 rapier
Missiles
 f - 166 stones
 n - 38 arrows
 q - 13 poisoned darts
 r - 16 bolts
Armour
 d - a +0 scale mail
 e - a scarf of repulsion (worn)
 i - a +0 kite shield (worn)
 o - a +0 chain mail (worn)
Potions
 b - a potion of might
 c - 2 potions of brilliance
 g - a potion of haste {unknown}
 l - 2 potions of curing


   Skills:
 + Level 4.2 Fighting
 * Level 5.9 Axes
 + Level 4.7 Armour
 + Level 1.1 Dodging
 + Level 4.9 Shields


You had 6 spell levels left.
You didn't know any spells.
Your spell library contained the following spells:

 Spells                   Type           Power      Damage    Failure   Level
 Gell's Gravitas          Tloc           0%         N/A       100%        3
 Stone Arrow              Conj/Erth      0%         3d7       100%        3
 Teleport Other           Tloc           0%         N/A       100%        3
 Bolt of Magma            Conj/Fire/Erth 0%         4d4       100%        5
 Manifold Assault         Tloc           0%         N/A       100%        5
 Dispersal                Tloc           0%         N/A       100%        6
 Storm Form               Tmut/Air       0%         N/A       100%        7
 Shatter                  Erth           0%         3d5*      100%        9
 Blink                    Tloc           Unusable   N/A       N/A         2

Dungeon Overview and Level Annotations

Branches:
Dungeon (7/15)             Temple (0/1) D:4

Altars:
Hepliaklqana

Shops:
D:6 (


Innate Abilities, Weirdness & Mutations

Your life essence is reduced to manifest your ancestor. (-10% HP)
You cannot be hasted, slowed, berserked, paralysed or teleported.
You can dig through walls and to a lower floor.
You have a pair of large antennae on your head. (SInv)
Your four strong arms can wield two-handed weapons with a shield.


Message History

Found 21 stones.
f - 166 stones (gained 21) Why would you want to do that?
Unknown command.
You open the door.
Found Cyde Fiz's Weapon Emporium.
There is an open door here.
There is an entrance to Cyde Fiz's Weapon Emporium here.
Unknown command.
Unknown command.
You aren't carrying any scrolls.
Unknown command.
You swap places.
There is an open door here.
You open the door.
There is an open door here.
A steam dragon comes into view.
The steam dragon hisses angrily.
You extend your mandibles.
You dig through the rock wall.
You dig through the rock wall.
You retract your mandibles.
You swap places.
The steam dragon breathes steam at you. The ball of steam hits you!
You are engulfed in a cloud of scalding steam.
The steam dragon breathes steam at you. The ball of steam hits you!
You are engulfed in a cloud of scalding steam.
* * * LOW HITPOINT WARNING * * *
The steam dragon bites Yamquzzuhalamma but does no damage.
The steam dragon closely misses Yamquzzuhalamma.
Yamquzzuhalamma closely misses the steam dragon.
You swap places.
You are engulfed in a cloud of scalding steam.
* * * LOW HITPOINT WARNING * * *
The steam dragon bites you.
* * * LOW HITPOINT WARNING * * *
The steam dragon claws you but does no damage.
You are engulfed in a cloud of scalding steam.
You die...

#.# ##### #.#
#.#####
#.....#
#####.# #.#
###########§#
......D§R§.§#
.#######@####
#.# ###


You could see the friendly Yamquzzuhalamma the knight and a steam dragon
(catching breath, ally target).

Vanquished Creatures
  A necrophage (D:7)
  A kobold brigand (D:7)
  A scorpion (D:6)
  An orc priest (D:3)
  Terence (D:2)
  An adder (D:2)
  A dart slug (D:4)
  2 orcs
  7 endoplasms
  5 giant cockroaches
  6 goblins
  6 hobgoblins
  6 jackals
  9 kobolds
  A quokka (D:3)
  4 ball pythons
  4 bats
  4 frilled lizards
  5 rats
66 creatures vanquished.

Vanquished Creatures (collateral kills)
  A water moccasin skeleton (D:4)
  A bullfrog skeleton (D:4)
  2 orc priests (D:3)
  Natasha (thrice) (D:3)
  A bat (D:3)
  An endoplasm (D:4)
  2 goblins (D:3)
  A quokka (D:4)
  4 ball pythons
  3 frilled lizards (D:3)
  4 kobolds
23 creatures vanquished.

Grand Total: 89 creatures vanquished

Notes
Turn   | Place    | Note
-------+----------+-------------------------------------------
     0 | D:1      | Banquo the Formicid Fighter began the quest for the Orb.
     0 | D:1      | Reached XP level 1. HP: 18/18 MP: 1/1
   230 | D:1      | Reached XP level 2. HP: 24/24 MP: 2/2
   519 | D:1      | Reached XP level 3. HP: 26/30 MP: 3/3
  1025 | D:2      | Found a faded altar of an unknown god.
  1044 | D:2      | Became a worshipper of Hepliaklqana the Forgotten
  1044 | D:2      | Reached * piety under Hepliaklqana
  1097 | D:2      | Reached XP level 4. HP: 14/33 MP: 4/4
  1369 | D:2      | You fall into a shaft and drop 1 floor!
  1464 | D:3      | Reached skill level 3 in Axes
  1643 | D:2      | Noticed Terence
  1653 | D:2      | Killed Terence
  1978 | D:3      | Reached ** piety under Hepliaklqana
  1979 | D:3      | Remembered your ancestor Yamquzzuhalamma as a knight
  2068 | D:3      | Noticed Natasha
  2081 | D:3      | Reached XP level 5. HP: 31/35 MP: 5/5
  2082 | D:3      | Reached skill level 4 in Axes
  2087 | D:3      | Killed Natasha
  2088 | D:3      | Reached skill level 1 in Dodging
  2091 | D:3      | Reached XP level 6. HP: 13/43 MP: 6/6
  2091 | D:3      | Noticed Natasha
  2100 | D:3      | Killed Natasha
  2250 | D:3      | Noticed Natasha
  2262 | D:3      | Killed Natasha
  2896 | D:4      | Reached skill level 5 in Axes
  2919 | D:4      | You fall into a shaft and drop 3 floors!
  2990 | D:7      | Reached XP level 7. HP: 43/48 MP: 7/7
  3318 | D:6      | Found Cyde Fiz's Weapon Emporium.
  3340 | D:6      | Noticed a steam dragon
  3349 | D:6      | Engulfed by a steam dragon's steam

Illustrated notes

Levels and vault maps discovered:
D:1:      giann_horns, layout_basic
D:2:      layout_basic, basic_ecumenical_altar,
          amcnicky_mini_rare_corridor_liquid, minmay_statues_item, uniq_terence
D:3:      layout_basic, uniq_natasha
D:4:      layout_cave_pools, yredelemnul_altar_generic, led_sif_book,
          lemuel_temple_firewalk_a, minmay_misc_feat_room, due_unseen_surprise,
          uniq_menkaure
D:6:      layout_basic, serial_shops, kennysheep_mini_moat, guppyfry_shop_venom
D:7:      layout_basic, serial_shops, shop, st_stairs_11, uniq_prince_ribbit1,
          uniq_maggie

Skill      XL: |  1  2  3  4  5  6 |
---------------+-------------------+-----
Axes           | 3 4 5 |  5.9
Shields        | 4 |  4.9
Armour         | 4 |  4.7
Dodging        | 1 |  1.1
Fighting       | 4 |  4.2

Action                   |  1- 3 |  4- 6 |  7- 9 || total
-------------------------+-------+-------+-------++-------
Melee: War axe           |    94 |    97 |     8 ||   199
Invok: Recall Ancestor   |       |     2 |       ||     2
       Ancestor Life: Kn |       |     1 |       ||     1
 Abil: Dig               |     5 |     3 |     3 ||    11
  Use: Potion            |     2 |     3 |       ||     5
       Scroll            |       |     3 |       ||     3
Armor: Scale mail        |    41 |     2 |       ||    43
       Chain mail        |       |    35 |     4 ||    39
Dodge: Dodged            |    28 |    16 |     1 ||    45
       Repelled          |       |     3 |       ||     3
Block: Kite shield       |    46 |    55 |     3 ||   104
